 Dungeon Crawl Stone Soup version 0.30-a0-591-g3c58d2bc28 (webtiles) character file.

Game seed: 16908557552842956330

32 Leeroy the Insei (level 3, -1/26 HPs)
             Began as a Merfolk Transmuter on Jan 4, 2023.
             Slain by Grinder (8 damage)
             ... on level 3 of the Dungeon.
             The game lasted 00:01:21 (1690 turns).

Leeroy the Insei (Merfolk Transmuter)               Turns: 1690, Time: 00:01:21

Health: -1/26      AC:  2    Str: 10    XL:     3   Next: 27%
Magic:  4/6        EV: 20    Int: 14    God:
Gold:   87         SH:  0    Dex: 19    Spells: 2/6 levels left

rFire   . . .      SeeInvis .      - Unarmed
rCold   . . .      Faith    .    (shield currently unavailable)
rNeg    . . .      Spirit   .    (body armour currently unavailable)
rPois   x          Reflect  .    (helmet currently unavailable)
rElec   .          Harm     .    (cloak currently unavailable)
rCorr   .          Rampage  .    (gloves currently unavailable)
Will    .....                    (boots currently unavailable)
Stlth   ++                       (no amulet)
HPRegen 0.24/turn                (no ring)
MPRegen 0.10/turn                (no ring)

@: spider-form (expiring)
A: venomous fangs, tiny, (nimble swimmer 2), (mertail)
a: End Transformation


You were on level 3 of the Dungeon.
You were a venomous arachnid creature.
You visited 1 branch of the dungeon, and saw 3 of its levels.

You collected 87 gold pieces.

Inventory:

Armour
 a - a +0 robe (melded)
Scrolls
 c - a scroll of teleportation {unknown}
 e - a scroll of immolation {unknown}
 g - 2 scrolls of identify {unknown}
 i - 2 scrolls of blinking {unknown}
 j - 2 scrolls of magic mapping {unknown}
 l - a scroll of vulnerability {unknown}
Potions
 b - 2 potions of lignification
 d - a potion of haste {unknown}
 f - a potion of degeneration {unknown}
 h - a potion of mutation {unknown}
 k - 2 potions of brilliance {unknown}
 m - 2 potions of curing {unknown}


   Skills:
 - Level 1.1 Fighting
 - Level 2.6 Dodging
 + Level 4.3 Unarmed Combat
 - Level 2.0 Spellcasting
 * Level 3.4 Transmutations


You had 2 spell levels left.
You knew the following spells:

 Your Spells              Type           Power      Damage    Failure   Level
a - Beastly Appendage     Tmut           22%        N/A       17%         1
b - Spider Form           Tmut/Pois      6%         N/A       56%         3

Your spell library contained the following spells:

 Spells                   Type           Power      Damage    Failure   Level
 Wereblood                Tmut           11%        N/A       22%         2
 Passwall                 Tmut/Erth      5%         N/A       38%         2
 Sandblast                Erth           2%         2d4       45%         1
 Stone Arrow              Conj/Erth      2%         3d7       77%         3
 Ice Form                 Ice/Tmut       6%         N/A       89%         4


Dungeon Overview and Level Annotations

Branches:
Dungeon (3/15)

Altars:

Annotations:
D:3 Grinder


Innate Abilities, Weirdness & Mutations

You are a venomous arachnid creature.
You have poisonous fangs.
You are tiny and dextrous.
Your spellcasting is less reliable in this form.
Your armour is entirely melded.
You are incapable of wielding weapons or throwing items.
((You are very nimble when in or above water. (Stealth+, EV+, Speed+++)))
((Your lower body shifts to a powerful aquatic tail in water.))


Message History

Grinder gestures at you. You resist with significant effort.
Casting: Beastly Appendage (safe; 6% risk of failure)
Confirm with . or Enter, or press ? or * to list all spells.
You don't know that spell.
Casting: Beastly Appendage (safe; 6% risk of failure)
Confirm with . or Enter, or press ? or * to list all spells.
The spell is extremely dangerous to miscast (34% risk of failure)!
Continue anyway?
You turn into a venomous arachnid creature.
Your +0 robe melds into your body.
Grinder gestures at you. You resist with significant effort.
You hit Grinder but do no damage. You barely miss Grinder.
Grinder gestures at you.
You suddenly lose the ability to move!
Grinder hits you.
You writhe in agony.
Grinder gestures at you.
You shrug off the repeated paralysis!
You can move again.
You barely miss Grinder. Grinder misses you.
You bite Grinder!
Grinder is poisoned.
Grinder is lightly wounded.
Your transformation is almost over.
Grinder gestures at you.
You shrug off the repeated paralysis!
You hit Grinder.
Grinder looks as sick as possible!
Grinder is moderately wounded.
Grinder hits you.
You bite Grinder!
Grinder looks as sick as possible!
Grinder is heavily wounded.
Grinder hits you.
You writhe in agony.
* * * LOW HITPOINT WARNING * * *
You hit Grinder.
Grinder is severely wounded.
Grinder completely misses you.
You hit Grinder but do no damage.
Grinder is severely wounded.
Grinder hits you!
You die...

#.#
#.#.#
#.#.#
#.#.#
#.#.#
#.#.#
#.#.#
#5#.#
#s#.###
#.....#
#######


You could see Grinder (extremely poisoned).

Vanquished Creatures
  A worm (D:2)
  A dart slug (D:2)
  A bat (D:2)
  An endoplasm (D:2)
  2 goblins (D:2)
  3 hobgoblins (D:2)
  3 jackals (D:2)
  3 ball pythons
  3 frilled lizards
  7 kobolds
  A rat (D:2)
26 creatures vanquished.

Notes
Turn   | Place    | Note
-------+----------+-------------------------------------------
     0 | D:1      | Leeroy the Merfolk Transmuter began the quest for the Orb.
     0 | D:1      | Reached XP level 1. HP: 15/15 MP: 3/3
   432 | D:1      | Reached XP level 2. HP: 21/21 MP: 5/5
   916 | D:2      | Reached skill level 4 in Unarmed Combat
   974 | D:2      | Reached XP level 3. HP: 22/26 MP: 6/6
  1010 | D:2      | Learned a level 3 spell: Spider Form
  1674 | D:3      | Noticed Grinder
  1682 | D:3      | Paralysed by Grinder for 2 turns
  1690 | D:3      | Slain by Grinder

Illustrated notes

Levels and vault maps discovered:
D:1:      sevenhm_arrival_forest_fort_large_2, layout_loops_ring
D:2:      layout_loops_ring
D:3:      layout_basic, serial_corexii_hall, chequers_hall_statues_wall_a,
          chequers_hall_statues_corner_a, chequers_hall_statues_corner_a,
          corexii_hall_statues_deadend, corexii_hall_statues_i,
          chequers_hall_statues_corner_a, uniq_grinder

Skill      XL: |  1  2 |
---------------+-------+-----
Transmutations | 3 |  3.4
Unarmed Combat | 4 |  4.3
Fighting       | |  1.1
Dodging        | |  2.6
Spellcasting   | |  2.0

Action                   || total
-------------------------++-------
Melee: Unarmed           ||    89
       Punch             ||     3
 Cast: Beastly Appendage ||     2
       Spider Form       ||     1
Armor: Robe              ||    16
Dodge: Dodged            ||    42

Table legend: (Time is in decaauts)
 A = Elapsed time spent in this place.
 B = Non-inter-level travel time spent in this place.
 C = Inter-level travel time spent in this place.
 D = Time resting spent in this place.
 E = Time spent auto-exploring this place.
 F = Levels seen in this place.
 G = Mean time per level.
                   A        B        C        D        E       F      G
               +--------+--------+--------+--------+--------+-----+--------+
         Total |   1683 |   1601 |     82 |      0 |   1404 |   3 |  561.0 |
       Dungeon |   1683 |   1601 |     82 |      0 |   1404 |   3 |  561.0 |
               +--------+--------+--------+--------+--------+-----+--------+

Top non-repeatable levels by time:
     D:2: 820 daAuts
     D:1: 807 daAuts
     D:3: 56 daAuts
